| TOP OF THE 1ST |
|
Frisco RoughRiders batting - Pitching for Portland Sea Dogs : RHP Chris Cory
|
|
Pitching: RHP Chris Cory
|
|
|
Batting: RHB Doug Hammertime
|
0-0: Swinging Strike 0-1: Foul Ball, location: 2F 0-2: Ball 1-2: Strikes out looking
|
|
Batting: LHB Alfonso Collazo
|
0-0: Ball 1-0: Ball 2-0: Ground out 4-3 (Groundball, 4, EV 101.9 MPH)
|
|
Batting: RHB Dale Aubrey
|
0-0: Ball 1-0: Called Strike 1-1: Foul Ball, location: 2F 1-2: Foul Ball, location: 2F 1-2: SINGLE (Flyball, 8RS, EV 88.1 MPH)
|
|
Batting: RHB Jorge Benites
|
0-0: Swinging Strike Balk! Dale Aubrey to second 0-1: Ball 1-1: Called Strike 1-2: Foul Ball, location: 2F 1-2: Ball 2-2: Ground out 6-3 (Groundball, 6, EV 85.6 MPH)
|
| Top of the 1st over - 0 runs, 1 hit, 0 errors, 1 left on base; Frisco 0 - Portland 0 |
| BOTTOM OF THE 1ST |
|
Portland Sea Dogs batting - Pitching for Frisco RoughRiders : RHP Matt Stutzman
|
|
Pitching: RHP Matt Stutzman
|
|
|
Batting: LHB Dave Reyes
|
0-0: Called Strike 0-1: Foul Ball, location: 2F 0-2: Strikes out swinging
|
|
Batting: LHB Sergio Tinoco
|
0-0: Foul Ball, location: 2F 0-1: Swinging Strike 0-2: Strikes out swinging
|
|
Batting: RHB Dave Burwell
|
0-0: Foul Ball, location: 2F 0-1: Swinging Strike 0-2: Strikes out swinging
|
| Bottom of the 1st over - 0 runs, 0 hits, 0 errors, 0 left on base; Frisco 0 - Portland 0 |
| TOP OF THE 2ND |
|
Frisco RoughRiders batting - Pitching for Portland Sea Dogs : RHP Chris Cory
|
|
Batting: RHB Chance Lamb
|
0-0: Ball 1-0: Ball 2-0: Called Strike 2-1: Foul Ball, location: 2F 2-2: SINGLE (Groundball, 34D, EV 95.6 MPH)
|
|
Batting: LHB Joseph Martin
|
0-0: Called Strike 0-1: Foul Ball, location: 2F 0-2: Ball 1-2: Grounds into double play, 4-6-3 (Groundball, 4, EV 90.0 MPH)
|
|
Batting: RHB Danny Murillo
|
0-0: Called Strike 0-1: Fly out, F9 (Flyball, 9LSF, EV 86.2 MPH)
|
| Top of the 2nd over - 0 runs, 1 hit, 0 errors, 0 left on base; Frisco 0 - Portland 0 |
| BOTTOM OF THE 2ND |
|
Portland Sea Dogs batting - Pitching for Frisco RoughRiders : RHP Matt Stutzman
|
|
Batting: LHB David Moore
|
0-0: Swinging Strike 0-1: Ball 1-1: Called Strike 1-2: Ball 2-2: Strikes out swinging
|
|
Batting: RHB Travis Campbell
|
0-0: Ball 1-0: Called Strike 1-1: Foul Ball, location: 2F 1-2: SINGLE (Groundball, 3D, EV 95.6 MPH)
|
|
Batting: RHB Alex Melendez
|
0-0: Called Strike 0-1: Fly out, F8 (Flyball, 8LD, EV 99.4 MPH)
|
|
Batting: RHB Miguel Villanueva
|
0-0: Ball 1-0: Ball 2-0: Called Strike 2-1: Ball 3-1: Base on Balls Travis Campbell to second
|
|
Batting: SHB Gus Cruz
|
0-0: Swinging Strike 0-1: Foul Ball, location: 2F 0-2: Foul Ball, location: 2F 0-2: Ball 1-2: Ball 2-2: Strikes out swinging
|
| Bottom of the 2nd over - 0 runs, 1 hit, 0 errors, 2 left on base; Frisco 0 - Portland 0 |
| TOP OF THE 3RD |
|
Frisco RoughRiders batting - Pitching for Portland Sea Dogs : RHP Chris Cory
|
|
Batting: RHB Shoh Tanioka
|
0-0: Ball 1-0: Fly out, F6 (Line Drive, 6, EV 63.1 MPH)
|
|
Batting: RHB Darnell Jones
|
0-0: Called Strike 0-1: Ball 1-1: Ball 2-1: Foul Ball, location: 2F 2-2: Strikes out swinging
|
|
Batting: RHB Doug Hammertime
|
0-0: Ground out 4-3 (Groundball, 4MD, EV 86.9 MPH)
|
| Top of the 3rd over - 0 runs, 0 hits, 0 errors, 0 left on base; Frisco 0 - Portland 0 |
| BOTTOM OF THE 3RD |
|
Portland Sea Dogs batting - Pitching for Frisco RoughRiders : RHP Matt Stutzman
|
|
Batting: RHB Frank Sokolosky
|
0-0: Foul Ball, location: 2F 0-1: Ball 1-1: Ball 2-1: Ground out 6-3 (Groundball, 6, EV 106.2 MPH)
|
|
Batting: LHB Dave Reyes
|
0-0: Ball 1-0: Foul Ball, location: 2F 1-1: SINGLE (Groundball, 4D, EV 105.6 MPH)
|
|
Batting: LHB Sergio Tinoco
|
0-0: Called Strike Dave Reyes is caught stealing 2nd base 2-6 0-1: Ball 1-1: SOLO HOME RUN (Flyball, 9LD, EV 95.6 MPH), Distance : 359 ft
|
|
Batting: RHB Dave Burwell
|
0-0: Ball 1-0: Fly out, F8 (Flyball, 78D, EV 82.5 MPH)
|
| Bottom of the 3rd over - 1 run, 2 hits, 0 errors, 0 left on base; Frisco 0 - Portland 1 |
| TOP OF THE 4TH |
|
Frisco RoughRiders batting - Pitching for Portland Sea Dogs : RHP Chris Cory
|
|
Batting: LHB Alfonso Collazo
|
0-0: Ball 1-0: Called Strike 1-1: SINGLE (Groundball, 4D, EV 104.4 MPH)
|
|
Batting: RHB Dale Aubrey
|
0-0: Swinging Strike 0-1: Ball 1-1: Foul Ball, location: 2F 1-2: SINGLE (Line Drive, 89S, EV 95.6 MPH) Alfonso Collazo to second
|
|
Batting: RHB Jorge Benites
|
0-0: Called Strike 0-1: Fly out, F9 (Flyball, 9, EV 73.8 MPH) Runner from 2nd tags up, SAFE at 3rd with throw by RF
|
|
Batting: RHB Chance Lamb
|
0-0: Called Strike Dale Aubrey steals 2nd base 0-1: Swinging Strike 0-2: Ball 1-2: Ball 2-2: Foul Ball, location: 2F 2-2: Foul Ball, location: 2F 2-2: Foul Ball, location: 2F 2-2: Strikes out swinging
|
|
Batting: LHB Joseph Martin
|
0-0: Ball 1-0: Ground out 4-3 (Groundball, 4, EV 81.9 MPH)
|
| Top of the 4th over - 0 runs, 2 hits, 0 errors, 2 left on base; Frisco 0 - Portland 1 |
| BOTTOM OF THE 4TH |
|
Portland Sea Dogs batting - Pitching for Frisco RoughRiders : RHP Matt Stutzman
|
|
Batting: LHB David Moore
|
0-0: Called Strike 0-1: Ball 1-1: Fly out, F8 (Line Drive, 89D, EV 92.5 MPH)
|
|
Batting: RHB Travis Campbell
|
0-0: Called Strike 0-1: Foul Ball, location: 2F 0-2: Ball 1-2: Reached on error, E3 (Groundball, 34, EV 92.5 MPH)
|
|
Batting: RHB Alex Melendez
|
0-0: Fly out, F8 (Flyball, 8RM, EV 98.1 MPH)
|
|
Batting: RHB Miguel Villanueva
|
0-0: Called Strike 0-1: Ball 1-1: Called Strike 1-2: Ground out 4-3 (Groundball, 34, EV 83.1 MPH)
|
| Bottom of the 4th over - 0 runs, 0 hits, 1 error, 1 left on base; Frisco 0 - Portland 1 |
| TOP OF THE 5TH |
|
Frisco RoughRiders batting - Pitching for Portland Sea Dogs : RHP Chris Cory
|
|
Batting: RHB Danny Murillo
|
0-0: Swinging Strike 0-1: Ground out 5-3 (Groundball, 56, EV 100.6 MPH)
|
|
Batting: RHB Shoh Tanioka
|
0-0: Ball 1-0: Called Strike 1-1: Ball 2-1: Swinging Strike 2-2: Foul Ball, location: 2F 2-2: Strikes out swinging
|
|
Batting: RHB Darnell Jones
|
0-0: Called Strike 0-1: Called Strike 0-2: Foul Ball, location: 2F 0-2: Strikes out swinging
|
| Top of the 5th over - 0 runs, 0 hits, 0 errors, 0 left on base; Frisco 0 - Portland 1 |
| BOTTOM OF THE 5TH |
|
Portland Sea Dogs batting - Pitching for Frisco RoughRiders : RHP Matt Stutzman
|
|
Batting: SHB Gus Cruz
|
0-0: Foul Ball, location: 2F 0-1: SINGLE (Flyball, 34D, EV 91.2 MPH)
|
|
Batting: RHB Frank Sokolosky
|
0-0: Ball Wild Pitch! Gus Cruz to second 1-0: Ball 2-0: Ball 3-0: Called Strike 3-1: Called Strike 3-2: Strikes out looking
|
|
Batting: LHB Dave Reyes
|
0-0: Ground out 5-3 (Groundball, 56, EV 79.4 MPH)
|
|
Batting: LHB Sergio Tinoco
|
0-0: Ball 1-0: Ball 2-0: Ball 3-0: Called Strike 3-1: Swinging Strike 3-2: Base on Balls
|
|
Batting: RHB Dave Burwell
|
0-0: Ball 1-0: Foul Ball, location: 2F 1-1: Foul Ball, location: 2F 1-2: Strikes out swinging
|
| Bottom of the 5th over - 0 runs, 1 hit, 0 errors, 2 left on base; Frisco 0 - Portland 1 |
| TOP OF THE 6TH |
|
Frisco RoughRiders batting - Pitching for Portland Sea Dogs : RHP Chris Cory
|
|
Batting: RHB Doug Hammertime
|
0-0: Called Strike 0-1: Called Strike 0-2: Ball 1-2: Ball 2-2: Strikes out swinging
|
|
Batting: LHB Alfonso Collazo
|
0-0: Ball 1-0: Called Strike 1-1: Ground out 4-3 (Groundball, 4, EV 96.2 MPH)
|
|
Batting: RHB Dale Aubrey
|
0-0: Called Strike 0-1: Foul Ball, location: 2F 0-2: Strikes out looking
|
| Top of the 6th over - 0 runs, 0 hits, 0 errors, 0 left on base; Frisco 0 - Portland 1 |
| BOTTOM OF THE 6TH |
|
Portland Sea Dogs batting - Pitching for Frisco RoughRiders : RHP Matt Stutzman
|
|
Batting: LHB David Moore
|
0-0: Foul Ball, location: 2F 0-1: Ball 1-1: DOUBLE (Line Drive, 78XD, EV 110.0 MPH)
|
|
Batting: RHB Travis Campbell
|
0-0: SINGLE (Line Drive, 9LS, EV 94.4 MPH) David Moore to third Runner from 3rd tries for Home, throw by RF and OUT! 9-2
|
|
Batting: RHB Alex Melendez
|
0-0: Ball 1-0: Grounds into double play, 6-4-3 (Groundball, 6, EV 90.0 MPH)
|
| Bottom of the 6th over - 0 runs, 2 hits, 0 errors, 0 left on base; Frisco 0 - Portland 1 |
| TOP OF THE 7TH |
|
Frisco RoughRiders batting - Pitching for Portland Sea Dogs : RHP Chris Cory
|
|
Batting: RHB Jorge Benites
|
0-0: Swinging Strike 0-1: Ball 1-1: Foul Ball, location: 2F 1-2: Ball 2-2: Ball 3-2: SINGLE (Line Drive, 34D, EV 96.2 MPH)
|
|
Pinch Hitting: LHB Yasahiko Teshima
|
0-0: Fly out, F8 (Flyball, 8RD, EV 95.0 MPH)
|
|
Batting: LHB Joseph Martin
|
0-0: Foul Ball, location: 2F 0-1: Fly out, F7 (Flyball, 7, EV 90.6 MPH)
|
|
Pinch Hitting: LHB Pauli Gassinger
|
0-0: Ball 1-0: Called Strike 1-1: Called Strike 1-2: Foul Ball, location: 2F 1-2: Foul Ball, location: 2F 1-2: Ball 2-2: Foul Ball, location: 2F 2-2: Ball Jorge Benites is caught stealing 2nd base 2-6
|
| Top of the 7th over - 0 runs, 1 hit, 0 errors, 0 left on base; Frisco 0 - Portland 1 |
| BOTTOM OF THE 7TH |
|
Portland Sea Dogs batting - Pitching for Frisco RoughRiders : RHP Matt Stutzman
|
|
Now at 1B: Yasahiko Teshima
|
|
|
Now at 2B: Doug Hammertime
|
|
|
Now in RF: Pauli Gassinger
|
|
|
Batting: RHB Miguel Villanueva
|
0-0: Ball 1-0: Ball 2-0: SINGLE (Groundball, 4MD, EV 96.9 MPH)
|
|
Batting: SHB Gus Cruz
|
0-0: Bunted foul 0-1: Bunted foul 0-2: Ball 1-2: Strikes out swinging
|
|
Batting: RHB Frank Sokolosky
|
0-0: Ball 1-0: Ball 2-0: Foul Ball, location: 2F 2-1: Ball Miguel Villanueva is caught stealing 2nd base 2-4 3-1: Foul Ball, location: 2F 3-2: Base on Balls
|
|
Batting: LHB Dave Reyes
|
0-0: Foul Ball, location: 2F 0-1: Called Strike Frank Sokolosky steals 2nd base 0-2: Strikes out looking
|
| Bottom of the 7th over - 0 runs, 1 hit, 0 errors, 1 left on base; Frisco 0 - Portland 1 |
| TOP OF THE 8TH |
|
Frisco RoughRiders batting - Pitching for Portland Sea Dogs : RHP Chris Cory
|
|
Pitching: RHP Elliot Monroe
|
|
|
Batting: LHB Pauli Gassinger
|
0-0: Ball 1-0: Swinging Strike 1-1: Swinging Strike 1-2: SINGLE (Line Drive, 89M, EV 93.8 MPH)
|
|
Pinch Hitting: SHB David Simpson
|
0-0: Sac Bunt to P - play at first, batter OUT! 1-3 Pauli Gassinger to second
|
|
Batting: RHB Darnell Jones
|
0-0: Ball 1-0: Foul Ball, location: 2F 1-1: Called Strike 1-2: Foul Ball, location: 2F 1-2: Foul Ball, location: 2F 1-2: DOUBLE (Line Drive, 89XD, EV 105.0 MPH) Pauli Gassinger scores
|
|
Batting: RHB Doug Hammertime
|
0-0: Ball 1-0: Ball 2-0: Called Strike 2-1: Foul Ball, location: 2F 2-2: SINGLE (Groundball, 4MD, EV 96.2 MPH) Darnell Jones to third Runner from 3rd tries for Home, SAFE, throw by CF to home
|
|
Pitching: LHP David Schultz
|
|
|
Batting: RHB Sean Neuroth
|
0-0: Ball Doug Hammertime steals 2nd, throwing error, E2 Doug Hammertime to third 1-0: Foul Ball, location: 2F 1-1: Ball 2-1: Ball 3-1: Foul Ball, location: 2F 3-2: SINGLE (Groundball, 6, EV 85.0 MPH) (infield hit) Doug Hammertime scores
|
|
Batting: RHB Dale Aubrey
|
0-0: Called Strike Sean Neuroth is caught stealing 2nd base 2-4 0-1: Foul Ball, location: 2F 0-2: Ball 1-2: Ground out 3-1 (Groundball, 34S, EV 86.2 MPH)
|
| Top of the 8th over - 3 runs, 4 hits, 1 error, 0 left on base; Frisco 3 - Portland 1 |
| BOTTOM OF THE 8TH |
|
Portland Sea Dogs batting - Pitching for Frisco RoughRiders : RHP Matt Stutzman
|
|
Now at 3B: Yat-sen Zhu
|
|
|
Batting: LHB Sergio Tinoco
|
0-0: Ball 1-0: Called Strike 1-1: Foul Ball, location: 2F 1-2: SINGLE (Groundball, 6D, EV 105.6 MPH)
|
|
Batting: RHB Dave Burwell
|
0-0: Fly out, F4 (Popup, 34, EV 70.0 MPH)
|
|
Batting: LHB David Moore
|
Pickoff Throw to First - Error! E1 Sergio Tinoco to second 0-0: Called Strike 0-1: Ball 1-1: Ball 2-1: Ball 3-1: Base on Balls
|
|
Batting: RHB Travis Campbell
|
0-0: Called Strike 0-1: DOUBLE (Line Drive, 89M, EV 93.1 MPH) Sergio Tinoco scores David Moore to third Runner from 3rd tries for Home, throw by RF and OUT! 9-2 Runner from 2nd tries for 3rd, throw by C and SAFE!
|
|
Pinch Hitting: LHB Aaron Brannon
|
0-0: Ball 1-0: Ball 2-0: Called Strike 2-1: Ball 3-1: Base on Balls
|
|
Batting: RHB Miguel Villanueva
|
0-0: Called Strike 0-1: Ground out 1-3 (Groundball, 34S, EV 71.9 MPH)
|
| Bottom of the 8th over - 1 run, 2 hits, 1 error, 2 left on base; Frisco 3 - Portland 2 |
| TOP OF THE 9TH |
|
Frisco RoughRiders batting - Pitching for Portland Sea Dogs : LHP David Schultz
|
|
Now at C: Pat Bulger
|
|
|
Batting: RHB Jorge Benites
|
0-0: Ball 1-0: Called Strike 1-1: Ball 2-1: Ball 3-1: Foul Ball, location: 2F 3-2: Base on Balls
|
|
Batting: LHB Yasahiko Teshima
|
0-0: Ball 1-0: Ball 2-0: Foul Ball, location: 2F 2-1: Ball 3-1: Foul Ball, location: 2F 3-2: Ground out 4-3 (Groundball, 4, EV 107.5 MPH) Jorge Benites to second
|
|
Pinch Hitting: RHB Andrew Clarke
|
0-0: Intentional Walk
|
|
Pinch Hitting: RHB Josh Ferguson
|
0-0: Called Strike 0-1: Ball 1-1: Ball 2-1: DOUBLE (Groundball, 5L, EV 101.2 MPH) Jorge Benites scores Andrew Clarke to third
|
|
Pinch Hitting: RHB Laroya Foronda
|
0-0: Intentional Walk
|
|
Batting: RHB Darnell Jones
|
0-0: Foul Ball, location: 2F 0-1: Foul Ball, location: 2F 0-2: Ball 1-2: Grounds into fielders choice 6-2 (Groundball, 6, EV 103.1 MPH) Josh Ferguson to third Laroya Foronda to second
|
|
Batting: RHB Doug Hammertime
|
0-0: Ball 1-0: Ball 2-0: Called Strike 2-1: Ball 3-1: Called Strike 3-2: Ground out 5-3 (Groundball, 56S, EV 87.5 MPH)
|
| Top of the 9th over - 1 run, 1 hit, 0 errors, 3 left on base; Frisco 4 - Portland 2 |
| BOTTOM OF THE 9TH |
|
Portland Sea Dogs batting - Pitching for Frisco RoughRiders : RHP Matt Stutzman
|
|
Pitching: LHP Valery Sahanov
|
|
|
Now at C: Josh Ferguson
|
|
|
Now at 3B: Brace Harper
|
|
|
Now in RF: Laroya Foronda
|
|
|
Pinch Hitting: RHB Mike Batko
|
0-0: Ball 1-0: Called Strike 1-1: Ball 2-1: Foul Ball, location: 2F 2-2: Foul Ball, location: 2F 2-2: Ball 3-2: Ground out 6-3 (Groundball, 6, EV 80.0 MPH)
|
|
Batting: RHB Frank Sokolosky
|
0-0: Called Strike 0-1: Ground out 6-3 (Groundball, 6, EV 85.0 MPH)
|
|
Pinch Hitting: RHB Josh Helman
|
0-0: Ball 1-0: Called Strike 1-1: Called Strike 1-2: Strikes out looking
|
| Bottom of the 9th over - 0 runs, 0 hits, 0 errors, 0 left on base; Frisco 4 - Portland 2 |
|